 Dungeon Crawl Stone Soup version 0.25.0-10-g039870ee82 (webtiles) character file.

Game seed: 6762024319247434700

49 Matador8 the Charmwright (level 3, -4/32 HPs)
             Began as a Naga Skald on June 23, 2020.
             Killed from afar by Natasha (8 damage)
             ... with a magic dart
             ... on level 2 of the Dungeon.
             The game lasted 00:05:53 (1643 turns).

Matador8 the Charmwright (Naga Skald)               Turns: 1643, Time: 00:05:54

Health: -4/32      AC:  2    Str: 13    XL:     3   Next: 77%
Magic:  1/6        EV: 10    Int: 14    God:
Gold:   69         SH:  0    Dex: 10    Spells: 3/6 levels left

rFire    . . .     SeeInvis +   a - +0 spear
rCold    . . .     Gourm    .   (no shield)
rNeg     . . .     Faith    .   c - +0 robe (curse)
rPois    +         Spirit   .   (no helmet)
rElec    .         Reflect  .   (no cloak)
rCorr    .         Harm     .   (no gloves)
MR       .....                  (no barding)
Stlth    ++........             (no amulet)
HPRegen  0.10/turn              (no ring)
MPRegen  0.10/turn              (no ring)

@: short of breath, flying (expiring), very slightly contaminated, hasted and
slowed, very slow
A: large, see invisible, deformed body, poison resistance, slowness 2, slow
metabolism 1, spit poison 1, AC +1
a: Spit Poison


You were on level 2 of the Dungeon.
You were not hungry.

You visited 1 branch of the dungeon, and saw 2 of its levels.

You collected 69 gold pieces.

Inventory:

Hand Weapons
 a - a +0 spear (weapon)
Missiles
 v - 8 boomerangs (quivered)
Armour
 b - a +0 leather armour
 c - a cursed +0 robe (worn)
 g - a +0 chain mail
 o - a +0 ring mail
 w - a +0 scale mail
Jewellery
 h - a cursed amulet of inaccuracy {unknown}
 j - a +4 ring of protection {unknown}
 m - an uncursed ring of fire {unknown}
Scrolls
 e - a scroll of teleportation {unknown}
 f - 3 scrolls of amnesia {unknown}
 i - a scroll of remove curse {unknown}
 k - a scroll of blinking {unknown}
 l - a scroll of enchant armour {unknown}
 n - 2 scrolls of identify {unknown}
 r - a scroll of fear {unknown}
Potions
 s - a potion of flight
 u - a potion of cancellation {unknown}
Comestibles
 d - 5 rations
 q - 4 chunks of flesh


   Skills:
 - Level 2.0 Fighting
 + Level 2.7 Polearms
 - Level 0.7 Armour
 - Level 1.5 Dodging
 + Level 2.9 Stealth
 - Level 2.0 Spellcasting
 - Level 3.1 Charms
 + Level 1.3 Translocations


You had 3 spell levels left.
You knew the following spells:

 Your Spells              Type           Power        Failure   Level  Hunger
a - Infusion              Chrm           ##..         7%          1    ##.....
b - Shroud of Golubria    Chrm/Tloc      #.....       14%         2    ###....

Your spell library contained the following spells:

 Spells                   Type           Power        Failure   Level  Hunger
 Song of Slaying          Chrm           ##......     10%         2    ###....
 Ozocubu's Armour         Chrm/Ice       #.......     36%         3    ####...
 Spectral Weapon          Hex/Chrm       #.......     36%         3    ####...


Dungeon Overview and Level Annotations

Branches:
Dungeon (2/15)

Altars:

Annotations:
D:2 Natasha


Innate Abilities, Weirdness & Mutations

You cannot wear boots.
Your serpentine skin is tough. (AC +1)
You have supernaturally acute eyesight. (SInv)
Armour fits poorly on your strangely shaped body.
Your system is resistant to poisons. (rPois)
You cover ground very slowly.
You have a slow metabolism.
You can spit poison.


Message History

Natasha mumbles some strange words.
Press: ? - help, Shift-Dir - straight line, f/p - Natasha
Aim: Natasha (heavily wounded)
The splash of poison hits Natasha!
Natasha is almost dead.
You feel slightly more hungry. Natasha casts a spell at you.
You feel yourself slow down.
You closely miss Natasha.
Natasha is almost dead.
The crimson imp closely misses you. Natasha casts a spell at you.
The magic dart hits you.
* * * LOW HITPOINT WARNING * * *
You hit Natasha.
Natasha is almost dead.
The crimson imp hits you but does no damage.
Natasha casts a spell at you. The magic dart hits you!
You die...

#.# #.# #.# #.# #..##.# #.# #
#..##.# #.# # # #.#..##.#
#.#.# # .#####.# .#..##.#
#.#.#..## .......## ...##5#
#........ ##'##...# #..##@#
#÷# #.8.##...#.#.##h#
###.###.#. .##...##...##.##.#
#..h......#
..##...##..##.##.###.###.#...b
...##...##...÷.......# .# ##
....''.8.''..#######.# #
#..##...##..## #...
..##...##..## ###.#
.##...##.... .#


You could see Natasha and a crimson imp (summoned).

Vanquished Creatures
  Natasha (D:2)
  A dart slug (D:1)
  A giant cockroach (D:2)
  3 goblins
  2 hobgoblins (D:1)
  2 jackals (D:2)
  A kobold (D:1)
  5 bats (D:1)
  2 frilled lizards
  6 rats
24 creatures vanquished.

Notes
Turn   | Place    | Note
-------+----------+-------------------------------------------
     0 | D:1      | Matador8 the Naga Skald began the quest for the Orb.
     0 | D:1      | Reached XP level 1. HP: 19/19 MP: 3/3
   292 | D:1      | Reached skill level 1 in Stealth
   580 | D:1      | Reached XP level 2. HP: 26/26 MP: 1/5
   584 | D:1      | Learned a level 2 spell: Shroud of Golubria
  1522 | D:2      | Reached XP level 3. HP: 27/32 MP: 6/6
  1533 | D:2      | Reached skill level 1 in Translocations
  1577 | D:2      | Noticed Natasha
  1588 | D:2      | Killed Natasha
  1604 | D:2      | Noticed Natasha
  1643 | D:2      | Killed from afar by Natasha

Illustrated notes

Levels and vault maps discovered:
D:1:      psy_arrival_radial02, layout_loops_ring, st_stairs_13,
          minmay_misc_feat_nine_boxes, minivault_19
D:2:      layout_loops_ring, kennysheep_slug_shrine, lemuel_doored_altar,
          first_ration, grunt_decor_arrowhead, nemelex_dance_club_becter,
          uniq_crazy_yiuf_cottage, uniq_natasha

Skill      XL: |  1  2  3 |
---------------+----------+-----
Stealth        | 1 2 |  2.9
Translocations | 1 |  1.3
Fighting       | |  2.0
Polearms       | |  2.7
Armour         | |  0.7
Dodging        | |  1.5
Spellcasting   | |  2.0
Charms         | |  3.1

Action                   || total
-------------------------++-------
Melee: Spear             ||    90
 Cast: Infusion          ||     7
       Shroud of Golubri ||     4
 Abil: Spit Poison       ||     9
  Use: Potion            ||     4
  Eat: Chunk             ||     2
Armor: Robe              ||    18
Dodge: Dodged            ||    58
